 Dungeon Crawl Stone Soup version 0.22-a0-611-g46e8f3c735 (webtiles) character file.

69 Kholdaimon the Grave Robber (level 4, 0/33 HPs)
             Began as a Mummy Necromancer on July 11, 2018.
             Was an Initiate of Yredelemnul.
             Slain by Terence
             ... wielding a +0 short sword
              (4 damage)
             ... on level 2 of the Dungeon.
             The game lasted 00:15:14 (2085 turns).

Kholdaimon the Grave Robber (Mummy Necromancer)     Turns: 2085, Time: 00:15:15

Health: 0/33       AC:  2    Str: 11    XL:     4   Next: 2%
Magic:  0/8        EV: 12    Int: 15    God:    Yredelemnul [......]
Gold:   100        SH:  0    Dex: 12    Spells: 4/9 levels left

rFire    x . .     SeeInvis .   h - -3 trident (curse)
rCold    + . .     Gourm    .   (no shield)
rNeg     + + +     Faith    .   a - +0 robe
rPois    ∞         Spirit   .   (no helmet)
rElec    .         Reflect  .   (no cloak)
rCorr    .         Harm     .   (no gloves)
MR       .....                  (no boots)
Stlth    ++........             (no amulet)
HPRegen  0.11/turn              (no ring)
MPRegen  0.11/turn              (no ring)

@: no status effects
A: no food or potions, fire vulnerability, cold resistance 1, negative energy
resistance 3, torment resistance, unbreathing
a: Renounce Religion


You were on level 2 of the Dungeon.
You worshipped Yredelemnul.
Yredelemnul was noncommittal.
You were not hungry.

You visited 1 branch of the dungeon, and saw 3 of its levels.

You collected 100 gold pieces.

Inventory:

Hand Weapons
 d - a +2 hunting sling of velocity
 h - a cursed -3 trident (weapon)
 i - a +0 falchion
Missiles
 f - 62 stones (quivered)
Armour
 a - a +0 robe (worn)
 j - a +0 leather armour
Jewellery
 c - a +6 ring of evasion {unknown}
 g - an uncursed ring of protection from fire {unknown}
 k - an uncursed ring of see invisible {unknown}
Scrolls
 b - a scroll of teleportation {unknown}
 e - 4 scrolls of identify {unknown}


   Skills:
 + Level 1.7 Fighting
 + Level 2.2 Dodging
 - Level 1.5 Stealth
 - Level 3.0 Spellcasting
 * Level 4.6 Necromancy


You had 4 spell levels left.
You knew the following spells:

 Your Spells              Type           Power        Failure   Level  Hunger
a - Pain                  Necr           ###.         3%          1    N/A
b - Animate Skeleton      Necr           N/A          3%          1    N/A
c - Vampiric Draining     Necr           ###.......   9%          3    N/A

Your spell library contained the following spells:

 Spells                   Type           Power        Failure   Level  Hunger
 Animate Dead             Necr           N/A          28%         4    N/A
 Regeneration             Chrm/Necr      #.........   22%         3    N/A

Dungeon Overview and Level Annotations

Branches:
Dungeon (3/15)

Altars:
Sif Muna
Yredelemnul

Annotations:
D:2 Terence
D:3 Robin


Innate Abilities, Weirdness & Mutations

You do not eat or drink.
Your flesh is vulnerable to fire.
You are immune to poison.
Your flesh is cold resistant. (rC+)
You are immune to negative energy. (rN+++)
You are immune to unholy pain and torment.
You can survive without breathing.


Message History

Terence is almost dead.
Terence says, "Don't bother to defend, it's senseless."
Terence hits you with a short sword.
You completely miss Terence.
Terence is almost dead.
Terence hits you with a short sword.
You closely miss Terence.
Terence is almost dead.
Terence hits you with a short sword.
* * * LOW HITPOINT WARNING * * *
You hit Terence but do no damage.
Terence is almost dead.
Terence completely misses you. Terence hits you with a short sword.
* * * LOW HITPOINT WARNING * * *
You barely miss Terence.
Terence is almost dead.
Terence says, "Rest in peace."
Terence hits you with a short sword.
You die...
Yredelemnul claims you as an undead slave.

......#
#......#...#..Z.........#
.#.##.#
#....#####.#.############
)#.##.#
#......#...#..#..........
.#.##.#
#..%...#.###..########...
.#.##.# ######...###..## #...
......###### ##.#......# #...
##.###.....# #.#.##...# #... #.#
#.###.# #.#.##...#######...
#.###.###.# #.@......##........
#.......#.# ####@........##.#...
#####.#.#.###............##.#..#
#.........##.........##....#
#############...........#.##
#......<.##.....
#.............%.
#.......###.####
#.##.##.###....#


You could see Terence.

Vanquished Creatures
  An adder (D:2)
  An orc (D:2)
  5 giant cockroaches (D:1)
  10 goblins
  9 hobgoblins
  7 kobolds
  A quokka (D:2)
  6 bats
  2 frilled lizards
  5 rats
47 creatures vanquished.

Vanquished Creatures (collateral kills)
  2 leopard geckos (D:2)
  A bat (D:1)
  A giant cockroach (D:1)
  A quokka (D:2)
  A frilled lizard (D:1)
6 creatures vanquished.

Grand Total: 53 creatures vanquished

Notes
Turn   | Place    | Note
-------+----------+-------------------------------------------
     0 | D:1      | Kholdaimon the Mummy Necromancer began the quest for the Orb.
     0 | D:1      | Reached XP level 1. HP: 13/13 MP: 4/4
     2 | D:1      | Learned a level 1 spell: Animate Skeleton
   365 | D:1      | Reached XP level 2. HP: 20/20 MP: 0/5
   611 | D:1      | Reached skill level 1 in Fighting
   978 | D:1      | Reached XP level 3. HP: 23/26 MP: 5/7
   983 | D:1      | Learned a level 3 spell: Vampiric Draining
  1357 | D:2      | Found a basalt altar of Yredelemnul.
  1370 | D:2      | Became a worshipper of Yredelemnul the Dark
  1652 | D:2      | Found a deep blue altar of Sif Muna.
  1810 | D:3      | Noticed Robin
  1822 | D:3      | Noticed Terence
  1827 | D:3      | Reached XP level 4. HP: 15/33 MP: 0/8
  2085 | D:2      | Slain by Terence

Vault maps used:
D:1:      minmay_arrival_four_circles
D:2:      lemuel_blue_sif_altar, lemuel_doored_altar
D:3:      old_standard_altar, old_standard_altar, first_ration, minivault_5,
          uniq_robin, uniq_natasha, uniq_terence

Skill      XL: |  1  2 |
---------------+-------+-----
Spellcasting   | 3 |  3.0
Fighting       | 1 |  1.7
Dodging        | 2 |  2.2
Stealth        | |  1.5
Necromancy     | |  4.6

Action                   |  1- 3 |  4- 6 || total
-------------------------+-------+-------++-------
Melee: Club              |    35 |       ||    35
       Trident           |    30 |    17 ||    47
 Cast: Pain              |    66 |     9 ||    75
       Animate Skeleton  |    21 |       ||    21
 Stab: Sleeping          |     2 |       ||     2
       Distracted        |     1 |       ||     1
Armor: Robe              |    23 |     1 ||    24
Dodge: Dodged            |    51 |     9 ||    60

Table legend:
 A = Spawn XP
 B = Non-spawn XP
 C = Spawn XP percentage of total XP
 D = Spawn monster count
 E = Non-spawn monster count
 F = Spawn count percentage of total count
 G = Total turns spent on level
                    A         B        C        D         E        F      G
               +---------+---------+-------+---------+---------+-------+---------
         Total |       0 |      99 |   0.0 |       0 |      53 |   0.0 |  2085
               +---------+---------+-------+---------+---------+-------+---------
           D:1 |       0 |      41 |   0.0 |       0 |      27 |   0.0 |  1066
           D:2 |       0 |      46 |   0.0 |       0 |      20 |   0.0 |   943
           D:3 |       0 |      12 |   0.0 |       0 |       6 |   0.0 |    76
               +---------+---------+-------+---------+---------+-------+---------
